 Dungeon Crawl Stone Soup version 0.30-a0-540-g0af01429fa (webtiles) character file.

Game seed: 10666899283329073089

44 Jase the Chopper (level 3, -5/31 HPs)
             Began as a Hill Orc Fighter on Dec 26, 2022.
             Slain by Sigmund
             ... wielding a +0 scythe of protection
              (8 damage)
             ... on level 2 of the Dungeon.
             The game lasted 00:01:23 (983 turns).

Jase the Chopper (Hill Orc Fighter)                  Turns: 983, Time: 00:01:23

Health: -5/31      AC: 10    Str: 20    XL:     3   Next: 62%
Magic:  3/3        EV:  9    Int:  8    God:
Gold:   109        SH:  5    Dex: 10    Spells: 2/2 levels left

rFire   . . .      SeeInvis .    a - +0 war axe
rCold   . . .      Faith    .    (no shield)
rNeg    . . .      Spirit   .    b - +0 scale mail
rPois   +          Reflect  +    (no helmet)
rElec   .          Harm     .    (no cloak)
rCorr   .          Rampage  .    (no gloves)
Will    .....                    (no boots) Stlth
                                 c - amulet of reflection
HPRegen 0.25/turn                e - ring of poison resistance
MPRegen 0.08/turn                h - +4 ring of protection

@: no status effects
A: no striking features
a: no special abilities


You were on level 2 of the Dungeon.
You visited 1 branch of the dungeon, and saw 2 of its levels.

You collected 109 gold pieces.

Inventory:

Hand Weapons
 a - a +0 war axe (weapon)
Missiles
 i - 16 stones (quivered)
Armour
 b - a +0 scale mail (worn)
Jewellery
 c - an amulet of reflection (around neck)
 e - a ring of poison resistance (left hand)
 h - a +4 ring of protection (right hand)
Scrolls
 f - a scroll of enchant armour {unknown}
 k - 2 scrolls of fog {unknown}
 l - 2 scrolls of teleportation {unknown}
Potions
 d - a potion of might
 g - 2 potions of haste {unknown}
 j - a potion of attraction {unknown}


   Skills:
 - Level 3.6 Fighting
 + Level 5.2 Axes
 - Level 3.2 Armour
 - Level 3.2 Shields


You had 2 spell levels left.
You didn't know any spells.
Your spell library was empty.

Dungeon Overview and Level Annotations

Branches:
Dungeon (2/15)

Altars:

Annotations:
D:2 Sigmund


Message History

You slash Sigmund!
Sigmund is heavily wounded.
You hit the adder but do no damage. The adder closely misses you.
Sigmund hits you with a +0 scythe of protection.
You block the adder's attack.
You hit Sigmund but do no damage.
Sigmund is heavily wounded.
You closely miss the adder. The adder barely misses you.
Sigmund casts a spell.
Sigmund flickers and vanishes!
Deactivating autopickup; reactivate with Ctrl-A.
You miss something. You miss the adder. The adder closely misses you.
Something hits you but does no damage. You block the adder's attack.
You barely miss something. You hit the adder. You block the adder's attack.
Something hits you! You block the adder's attack.
You closely miss something. You miss the adder. The adder bites you.
You hear some strange, mumbled words.
You are confused.
The adder bites you but does no damage.
You completely miss something. You barely miss the adder. Something hits you!
* * * LOW HITPOINT WARNING * * *
The adder bites you but does no damage. The adder attacks as you move away!
The adder barely misses you. Something hits you.
* * * LOW HITPOINT WARNING * * *
The adder bites you but does no damage. Something hits you but does no damage.
You bump into the rock wall.
The adder bites you but does no damage.
You closely miss the adder.
The adder is severely wounded.
The adder barely misses you. Something hits you but does no damage.
The adder bites you but does no damage. The adder attacks as you move away!
The adder barely misses you.
You feel less confused.
You hit the adder.
You kill the adder!
Something hits you.
* * * LOW HITPOINT WARNING * * *
Your Axes skill increases to level 5!
Something hits you!
You die...

#.....# #.....#
#.....# # #.....# ..
######## #!....#
#..#.PPPPP###..$..#
#...P.....### #'#
###.P.......###{#
##P....##...#@#####.
#PPPPP............[#
###......#.#.#####.#
#......#...##
######.##...# #####
#.###..## .# #...#
#.......# .#
###...####
#..##.#.###.#
#........#
#..##.#.....#


There were no monsters in sight!

Vanquished Creatures
  2 adders (D:2)
  A worm (D:2)
  A dart slug (D:1)
  A ball python (D:1)
  An endoplasm (D:2)
  2 goblins (D:1)
  2 hobgoblins (D:1)
  3 jackals (D:1)
  A kobold (D:2)
  A quokka (D:1)
  2 bats (D:1)
  2 frilled lizards (D:1)
  2 rats
21 creatures vanquished.

Vanquished Creatures (others)
  3 fungi (D:2)
3 creatures vanquished.

Grand Total: 24 creatures vanquished

Notes
Turn   | Place    | Note
-------+----------+-------------------------------------------
     0 | D:1      | Jase the Hill Orc Fighter began the quest for the Orb.
     0 | D:1      | Reached XP level 1. HP: 19/19 MP: 1/1
    83 | D:1      | Reached skill level 3 in Axes
   252 | D:1      | Reached XP level 2. HP: 20/26 MP: 2/2
   411 | D:1      | Reached skill level 4 in Axes
   842 | D:2      | Reached XP level 3. HP: 30/31 MP: 3/3
   967 | D:2      | Noticed Sigmund
   983 | D:2      | Reached skill level 5 in Axes
   983 | D:2      | Slain by Sigmund

Illustrated notes

Levels and vault maps discovered:
D:1:      onia_arrival_mini_spirals, layout_loops_ring
D:2:      layout_basic, minmay_gold_behind_fungi, uniq_sigmund, uniq_jessica

Skill      XL: |  1  2  3 |
---------------+----------+-----
Axes           | 3 4 5 |  5.2
Fighting       | |  3.6
Armour         | |  3.2
Shields        | |  3.2

Action                   || total
-------------------------++-------
Melee: War axe           ||    76
       Punch             ||     1
Armor: Scale mail        ||    26
Dodge: Dodged            ||    35
Block: Other             ||    17

Table legend: (Time is in decaauts)
 A = Elapsed time spent in this place.
 B = Non-inter-level travel time spent in this place.
 C = Inter-level travel time spent in this place.
 D = Time resting spent in this place.
 E = Time spent auto-exploring this place.
 F = Levels seen in this place.
 G = Mean time per level.
                   A        B        C        D        E       F      G
               +--------+--------+--------+--------+--------+-----+--------+
         Total |   1004 |    950 |     54 |      0 |    761 |   2 |  502.0 |
       Dungeon |   1004 |    950 |     54 |      0 |    761 |   2 |  502.0 |
               +--------+--------+--------+--------+--------+-----+--------+

Top non-repeatable levels by time:
     D:1: 810 daAuts
     D:2: 194 daAuts
